 Dungeon Crawl Stone Soup version 0.31-a0-231-g51bb95cda3 (webtiles) character file.

Game seed: 25910520029990077

3199 qw the Skirmisher (level 9, -18/80 (81) HPs)
             Began as a Minotaur Hexslinger on July 6, 2023.
             Shot with a sling bullet by Joseph (22 damage)
             ... on level 8 of the Dungeon.
             The game lasted 00:03:12 (7617 turns).

qw the Skirmisher (Minotaur Hexslinger)             Turns: 7617, Time: 00:03:13

HP:   -18/80 (81)   AC:  0    Str: 14    XL:     9   Next: 64%
MP:   9/9           EV: 16    Int: 10    God:
Gold: 377           SH:  0    Dex: 16    Spells: 9/10 levels left

rFire   . . .        Y - melded +0 arbalest
rCold   . . .        (shield currently unavailable)
rNeg    . . .        d - melded +2 ring mail {rPois}
rPois   .            (helmet currently unavailable)
rElec   .            g - melded +0 cloak
rCorr   .            f - melded +0 pair of gloves
SInv    .            (boots currently unavailable)
Will    .....        (no amulet)
Stlth   +            c - melded +5 ring of evasion
HPRegen 0.33/turn    o - melded ring of protection from cold
MPRegen 0.11/turn

%: no passive effects
@: lethally poisoned (-18 -> -19), about to teleport, pig-form, lightly drained,
very quick
A: fast, no casting, small, (horns 2), (retaliatory headbutt)
a: no special abilities


You were on level 8 of the Dungeon.
You were a filthy swine.
You visited 2 branches of the dungeon, and saw 9 of its levels.
You also visited: Ossuary.

You collected 377 gold pieces.


Innate Abilities, Weirdness & Mutations

You are a filthy swine.
You move quickly.
Your equipment is almost entirely melded.
You are incapable of wielding weapons or throwing items.
You cannot cast spells.
((You have a pair of horns on your head.))
((You reflexively headbutt those who attack you in melee.))


   Skills:
 - Level 8.0 Fighting
 - Level 12.0 Ranged Weapons
 + Level 3.9 Armour
 - Level 4.1 Dodging
 - Level 1.0 Spellcasting
 - Level 2.0 Hexes


You had 9 spell levels left.
You knew the following spells:

 Your Spells              Type           Power      Damage    Failure   Level
a - Slow                  Hex            16%        N/A       16%         1

Your spell library contained the following spells:

 Spells                   Type           Power      Damage    Failure   Level
 Inner Flame              Hex/Fire       2%         N/A       56%         3
 Portal Projectile        Hex/Tloc       4%         N/A       56%         3
 Cause Fear               Hex            2%         N/A       83%         4

Inventory:

Hand Weapons
 Y - a +0 arbalest (melded)
Armour
 d - a +2 ring mail of poison resistance (melded)
 f - a +0 pair of gloves (melded)
 g - a +0 cloak (melded)
Jewellery
 c - a +5 ring of evasion (melded)
 o - a ring of protection from cold (melded)
Scrolls
 a - a scroll of identify
Potions
 b - 5 potions of enlightenment
 e - 3 potions of cancellation
 k - 3 potions of curing
 l - a potion of heal wounds
 m - a potion of resistance {unknown}
 n - a potion of haste {unknown}

Dungeon Overview and Level Annotations

Branches:
Dungeon (8/15)             Temple (1/1) D:7         Ossuary (visited)
   Lair: D:8-11

Altars:
Ashenzari
Cheibriados
Dithmenos
Elyvilon
Fedhas
Gozag
Hepliaklqana
Makhleb
Nemelex Xobeh
Qazlal
Ru
Sif Muna
Trog
Uskayaw
Vehumet
Wu Jian
Xom
Yredelemnul
Zin
The Shining One

Annotations:
D:8 Joseph, Psyche


Message History

Psyche hits you with a +0 dagger of chaos.
Joseph shoots a sling bullet.
The sling bullet closely misses you. Psyche barely misses you.
You furiously retaliate!
You headbutt Psyche! You shoot a bolt. The bolt barely misses Psyche.
You feel sick.
Psyche casts a spell.
A swirling arc of seething chaos appears!
The arc of chaos hits Joseph but does no damage.
The arc of chaos hits you.
You feel drained.
Joseph shoots a sling bullet.
The sling bullet hits you!
You shoot a bolt. The bolt closely misses Psyche.
You feel sick.
Psyche looks satisfied for a moment.
The sky beast closely misses you.
Joseph shoots a sling bullet.
The sling bullet hits you.
Psyche gestures wildly while chanting.
Psyche flickers and vanishes!
Deactivating autopickup; reactivate with Ctrl-A.
The sky beast hits you but does no damage.
You shoot a bolt. The bolt closely misses the sky beast.
You feel sick.
You hear some strange, mumbled words.
You turn into a filthy swine.
Your +0 arbalest melds into your body.
Your +0 cloak melds into your body.
Your +0 pair of gloves melds into your body.
Your +2 ring mail of poison resistance melds into your body.
Your +5 ring of evasion melds into your body.
Your ring of protection from cold melds into your body.
You no longer feel resistant to poison.
Joseph shoots a sling bullet.
The sling bullet barely misses you. Something barely misses you.
The sky beast hits you. The sky beast shocks you.
Joseph shoots a sling bullet.
The sling bullet hits you!
7617 ||| READING scroll of teleportation.
As you read the scroll of teleportation, it crumbles to dust.
You feel strangely unstable.
You feel sick.
You hear some strange, mumbled words.
The sky beast misses you.
Joseph shoots a sling bullet.
The sling bullet hits you!!
You die...

.......................
.......................
>....<.................
.......................
.......^.............#
.......<.............#
.....................#
.......>.............#
..............Yh.....#
...............!{....#
.....................#
................@....#
.......................
.............#.
.............#
.............#


You could see Joseph and a sky beast.

Vanquished Creatures
  Grinder (D:6)
  A wraith (Ossuary)
  A wyvern (D:7)
  Edmund (D:6)
  2 water moccasins
  A sky beast (D:7)
  2 ice beasts (D:7)
  A black bear (D:6)
  4 ogres
  4 phantoms
  2 centaurs (D:6)
  A bullfrog (D:7)
  2 elf zombies (Ossuary)
  A scorpion (D:5)
  2 howler monkeys
  5 hounds
  An orc priest (D:5)
  4 jellies
  Terence (D:3)
  6 iguanas
  3 sleepcaps
  3 orc wizards
  4 mummies
  3 gnolls (D:3)
  5 adders
  2 shadow imps
  3 white imps (D:7)
  4 worms
  24 orcs
  3 bats
  5 endoplasms
  5 giant cockroaches
  A gnoll zombie (Ossuary)
  3 goblins
  7 hobgoblins
  2 jackals (D:4)
  3 kobolds
  2 quokkas
  A ball python (D:2)
  2 frilled lizards (D:1)
  2 goblin zombies (Ossuary)
  4 hobgoblin zombies (Ossuary)
  6 kobold zombies
  An orc zombie (D:5)
  6 rats
147 creatures vanquished.

Notes
Turn   | Place    | Note
-------+----------+-------------------------------------------
     0 | D:1      | qw the Minotaur Hexslinger began the quest for the Orb.
     0 | D:1      | Reached XP level 1. HP: 16/16 MP: 1/1
     0 | D:1      | 0 ||| qw: Version: 0.3-a-46-gb1f654a
     0 | D:1      | 0 ||| qw: Game counter: 1885
     0 | D:1      | 0 ||| qw: Melee chars always use a shield: true
     0 | D:1      | 0 ||| qw: God list: Okawaru
     0 | D:1      | 0 ||| qw: Allow faded altars: false
     0 | D:1      | 0 ||| qw: Do Orc after clearing Dungeon:15 true
     0 | D:1      | 0 ||| qw: Do second Lair branch before Depths: true
     0 | D:1      | 0 ||| qw: Lair rune preference: random
     0 | D:1      | 0 ||| qw: Goals: Normal
     0 | D:1      | 0 ||| PLANNING D:1-11
   293 | D:1      | Reached skill level 3 in Ranged Weapons
   293 | D:1      | Reached XP level 2. HP: 23/23 MP: 2/2
   757 | D:1      | 757 ||| UPGRADING to +2 ring mail of poison resistance.
   767 | D:1      | 767 ||| DROPPING +0 robe.
   768 | D:1      | 768 ||| READING scroll labelled KERPHE SACKOAMA.
   769 | D:1      | 769 ||| READING scroll labelled GINIRHI UCZI.
   770 | D:1      | 770 ||| READING scroll labelled LIRER LEVE.
   774 | D:1      | 774 ||| READING scroll labelled AMENIW IRUISH.
   775 | D:1      | 775 ||| DRINKING 2 green potions.
   776 | D:1      | 776 ||| DROPPING scroll of poison.
   810 | D:2      | Found a faded altar of an unknown god.
   816 | D:2      | 816 ||| STAIRDANCE
   884 | D:2      | Reached XP level 3. HP: 29/29 MP: 3/3
   941 | D:2      | Reached skill level 4 in Ranged Weapons
   973 | D:2      | Found a burning altar of Makhleb.
  1179 | D:2      | 1179 ||| READING 2 scrolls of identify.
  1179 | D:2      | 1179 ||| IDENTIFYING brown potion
  1207 | D:3      | Reached skill level 1 in Armour
  1420 | D:3      | Identified the +3 dagger of the Abyss {flame, Drain rN+
                  | Dex+2}
  1456 | D:3      | Noticed Terence
  1458 | D:3      | Reached XP level 4. HP: 36/36 MP: 4/4
  1466 | D:3      | Killed Terence
  1478 | D:3      | Reached skill level 5 in Ranged Weapons
  1827 | D:3      | 1827 ||| UPGRADING to +0 pair of gloves.
  1832 | D:3      | 1832 ||| UPGRADING to +5 ring of evasion.
  1882 | D:4      | Reached skill level 3 in Fighting
  1882 | D:4      | Reached XP level 5. HP: 18/45 MP: 5/5
  2086 | D:4      | Reached skill level 6 in Ranged Weapons
  2131 | D:4      | Found a snail-covered altar of Cheibriados.
  2140 | D:4      | Noticed an ogre
  2155 | D:4      | Killed an ogre
  2156 | D:4      | Reached XP level 6. HP: 52/52 MP: 6/6
  2626 | D:4      | HP: 10/52 [iguana (9)]
  2627 | D:4      | 2627 ||| READING scroll of teleportation.
  2934 | D:4      | Reached skill level 7 in Ranged Weapons
  3036 | D:4      | 3036 ||| READING 2 scrolls labelled SIDEME HOYTERR.
  3037 | D:4      | 3037 ||| READING scroll labelled FEMIAL NEIMI.
  3038 | D:4      | 3038 ||| DRINKING 3 amethyst potions.
  3039 | D:4      | 3039 ||| READING 4 scrolls of identify.
  3039 | D:4      | 3039 ||| IDENTIFYING bubbling pink potion
  3040 | D:4      | 3040 ||| READING 3 scrolls of identify.
  3040 | D:4      | 3040 ||| IDENTIFYING metallic sapphire potion
  3041 | D:4      | 3041 ||| READING 2 scrolls of identify.
  3041 | D:4      | 3041 ||| IDENTIFYING fizzy ruby potion
  3042 | D:4      | 3042 ||| DROPPING potion of ambrosia.
  3043 | D:4      | 3043 ||| DROPPING potion of berserk rage.
  3044 | D:4      | 3044 ||| DROPPING scroll of blinking.
  3045 | D:4      | 3045 ||| DROPPING potion of invisibility.
  3089 | D:5      | Entered Level 5 of the Dungeon
  3090 | D:5      | 3090 ||| PLANNING OSSUARY
  3101 | D:5      | Reached XP level 7. HP: 47/59 MP: 7/7
  3151 | D:5      | Found a shimmering altar of Xom.
  3248 | D:5      | Found a shadowy altar of Dithmenos.
  3287 | D:5      | HP: 11/59 [ogre/+0 giant club (12)]
  3289 | D:5      | Reached skill level 8 in Ranged Weapons
  3540 | D:5      | Found a sand-covered staircase.
  3592 | Ossuary  | Entered an ossuary
  3592 | Ossuary  | Noticed a wraith
  3592 | Ossuary  | Noticed a wraith
  3592 | Ossuary  | Noticed a wraith
  3903 | Ossuary  | Noticed a wraith
  3916 | Ossuary  | Killed a wraith
  3917 | Ossuary  | Reached skill level 9 in Ranged Weapons
  3917 | Ossuary  | Reached XP level 8. HP: 45/69 MP: 8/8
  4178 | Ossuary  | 4178 ||| DROPPING ring of ice.
  4179 | Ossuary  | 4179 ||| UPGRADING to ring of protection from cold.
  4180 | Ossuary  | 4180 ||| DRINKING 4 fuming dark potions.
  4181 | Ossuary  | 4181 ||| READING 2 scrolls of identify.
  4181 | Ossuary  | 4181 ||| IDENTIFYING metallic blue potion
  4182 | Ossuary  | 4182 ||| DROPPING potion of lignification.
  4215 | D:5      | 4215 ||| PLANNING D:1-11
  4264 | D:5      | Reached skill level 6 in Fighting
  4291 | D:5      | Reached skill level 3 in Dodging
  4512 | D:5      | Found a glowing golden altar of the Shining One.
  4655 | D:5      | 4655 ||| Stepping ~*~*~tactically~*~*~ (outnumbered).
  5031 | D:5      | Reached skill level 10 in Ranged Weapons
  5075 | D:5      | 5075 ||| UPGRADING to +0 cloak.
  5080 | D:5      | 5080 ||| READING scroll labelled VAOZOL QECO.
  5126 | D:6      | Reached skill level 3 in Armour
  5241 | D:6      | Noticed Grinder
  5258 | D:6      | Killed Grinder
  5491 | D:6      | Reached XP level 9. HP: 79/79 MP: 9/9
  5625 | D:6      | Noticed Edmund
  5645 | D:6      | HP: 17/79 [Edmund/puff of flame (4)]
  5646 | D:6      | 5646 ||| READING scroll of teleportation.
  5647 | D:6      | 5647 ||| DRINKING 3 potions of heal wounds.
  5656 | D:6      | HP: 19/79 [poisoned by Edmund]
  6091 | D:6      | HP: 18/79 [poisoned by Edmund]
  6091 | D:6      | HP: 8/79 [Edmund/+2 flail of venom (10)]
  6092 | D:6      | 6092 ||| DRINKING 2 potions of heal wounds.
  6093 | D:6      | Killed Edmund
  6397 | D:6      | Reached skill level 11 in Ranged Weapons
  6457 | D:6      | 6457 ||| SWAPPING to +0 shortbow.
  6537 | D:6      | 6537 ||| DROPPING +1 sling.
  6596 | D:6      | 6596 ||| READING 2 scrolls of identify.
  6596 | D:6      | 6596 ||| IDENTIFYING bubbling green potion
  6597 | D:6      | 6597 ||| DROPPING potion of attraction.
  6891 | D:7      | Found a glowing silver altar of Zin.
  6988 | D:7      | 6988 ||| SWAPPING to +0 arbalest.
  6989 | D:7      | 6989 ||| DROPPING +0 shortbow.
  7167 | D:7      | Found a staircase to the Ecumenical Temple.
  7168 | D:7      | 7168 ||| PLANNING TEMPLE
  7168 | D:7      | 7168 ||| DROPPING scarf of shadows.
  7169 | D:7      | 7169 ||| READING scroll labelled QUIPAHOGOSCH.
  7177 | Temple   | Entered the Ecumenical Temple
  7331 | Temple   | 7331 ||| PLANNING D:1-11
  7353 | D:7      | Reached skill level 12 in Ranged Weapons
  7473 | D:7      | 7473 ||| READING 2 scrolls of identify.
  7473 | D:7      | 7473 ||| IDENTIFYING clear potion
  7474 | D:7      | 7474 ||| DROPPING potion of magic.
  7484 | D:8      | Noticed Joseph
  7491 | D:8      | 7491 ||| STAIRDANCE
  7606 | D:8      | Noticed Psyche
  7616 | D:8      | HP: 5/80 [Joseph/sling bullet (17)]
  7617 | D:8      | 7617 ||| READING scroll of teleportation.
  7617 | D:8      | Shot with a sling bullet by Joseph

Levels and vault maps discovered:
D:1:      nicolae_arrival_memento_mori, layout_loops_cross, serial_forest,
          infiniplex_forest_straight_2, infiniplex_forest_clump_diagonal,
          infiniplex_forest_clump_long, infiniplex_forest_clump_medium,
          infiniplex_forest_3_way, infiniplex_forest_end_3
D:2:      layout_basic, basic_altar, shapermc_ecumenical_altar_rom_forum
D:3:      layout_basic, uniq_terence
D:4:      minmay_wonky_spiral, layout_loops_cross, cheibriados_altar_1
D:5:      layout_basic, lemuel_doored_altar, mainiacjoe_overflow_cross_hatched,
          overflow_temple_1_default, nicolae_ossuary_entry_giza
D:6:      layout_basic, uniq_grinder, uniq_edmund
D:7:      layout_gridville, mainiacjoe_overflow_alcove_2,
          minmay_temple_entry_trees
D:8:      layout_basic, erik_lair_orcish_takeover, uniq_prince_ribbit1,
          uniq_maurice, uniq_psyche, uniq_joseph, uniq_maggie
Temple:   bh_familiar_temple

Skill      XL: |  1  2  3  4  5  6  7  8  9 |
---------------+----------------------------+-----
Ranged Weapons | 3 4 5 6 7 9 10 12 | 12.0
Fighting       | 2 3 4 5 7 8 |  8.0
Armour         | 1 2 3 |  3.9
Dodging        | 3 4 |  4.1
Spellcasting   | |  1.0
Hexes          | |  2.0

Action                     |  1- 3 |  4- 6 |  7- 9 || total
---------------------------+-------+-------+-------++-------
   Fire: Sling             |    94 |   185 |   431 ||   710
         Shortbow          |       |       |   104 ||   104
         Arbalest          |       |       |    32 ||    32
    Use: Scroll            |     5 |     6 |     7 ||    18
         Potion            |     1 |     1 |     3 ||     5
 Armour: Ring mail         |    12 |    26 |    72 ||   110
         Robe              |     1 |       |       ||     1
  Dodge: Dodged            |    30 |    92 |   232 ||   354

Table legend:
 A = Non-vault XP
 B = Vault XP
 C = Vault XP percentage of total XP
 D = Non-vault monster count
 E = Vault monster count
 F = Vault count percentage of total count
                 A         B        C        D         E       F
            +---------+---------+-------+---------+---------+-------
      Total |    3567 |    1004 |  22.0 |     119 |      28 |  19.0
            +---------+---------+-------+---------+---------+-------
        D:1 |      38 |       0 |   0.0 |      16 |       0 |   0.0
        D:2 |      36 |       0 |   0.0 |      14 |       0 |   0.0
        D:3 |      59 |      38 |  39.2 |      11 |       1 |   8.3
        D:4 |     487 |      21 |   4.1 |      22 |       4 |  15.4
        D:5 |    1069 |      20 |   1.8 |      28 |       3 |   9.7
        D:6 |     723 |     454 |  38.6 |      12 |       2 |  14.3
        D:7 |    1155 |       0 |   0.0 |      16 |       0 |   0.0
    Ossuary |       0 |     471 | 100.0 |       0 |      18 | 100.0
            +---------+---------+-------+---------+---------+-------
